 Dungeon Crawl Stone Soup version 0.30-a0-170-g85af917532 (webtiles) character file.

Game seed: 5540496213777837772

16349 qw the Blocker (level 12, 0/74 HPs)
             Began as a Gargoyle Fighter on Oct 1, 2022.
             Was an Elder of Okawaru.
             Slain by Nessos
             ... wielding a +0 rapier
              (3 damage)
             ... on level 3 of the Lair of Beasts.
             The game lasted 00:05:21 (15197 turns).

qw the Blocker (Gargoyle Fighter)                  Turns: 15197, Time: 00:05:22

Health: 0/74       AC: 34    Str: 23    XL:     12   Next: 36%
Magic:  18/18      EV:  8    Int: 13    God:    Okawaru [****..]
Gold:   739        SH: 20    Dex: 13    Spells: 11/11 levels left

rFire   . . .      SeeInvis .    Y - +5 broad axe (drain)
rCold   + . .      Faith    .    l - +0 tower shield
rNeg    + . .      Spirit   .    q - +3 plate armour
rPois   inf        Reflect  .    m - +0 helmet
rElec   +          Harm     .    (no cloak)
rCorr   .          Rampage  .    (no gloves)
Will    .....      Clarity  +    u - +0 pair of boots
Stlth   ..........               (no amulet)
HPRegen 0.22/turn                n - ring of protection from cold
MPRegen 0.16/turn                r - ring of Descent {AC+4 Int+4}

@: heroic
A: sickness immunity, AC +8, negative energy resistance 1, electricity
resistance, torment resistance 1, petrification resistance, agile 1, clarity,
screaming 1
a: Renounce Religion, Heroism, Finesse


You were on level 3 of the Lair of Beasts.
You worshipped Okawaru.
Okawaru was greatly pleased with you.
You visited 3 branches of the dungeon, and saw 13 of its levels.

You collected 739 gold pieces.


Innate Abilities, Weirdness & Mutations

You are immune to sickness and miasma.
Your stone body is resilient. (AC +8)
You are immune to poison.
You resist negative energy. (rN+)
You are resistant to electric shocks. (rElec)
You are resistant to unholy torment.
You are immune to petrification.
You are agile. (Dex +4, Str/Int -1)
You possess an exceptional clarity of mind.
You occasionally shout uncontrollably at your foes.


   Skills:
 - Level 8.2(13.2) Fighting
 + Level 10.3(15.3) Axes
 - Level 1.3(6.3) Throwing
 - Level 7.0(12.0) Armour
 - Level 2.3(7.3) Dodging
 - Level 13.0(18.0) Shields
 + Level 8.0 Invocations


You had 11 spell levels left.
You didn't know any spells.
Your spell library was empty.

Inventory:

Hand Weapons
 v - a +1 morningstar of freezing
 Y - a +5 broad axe of draining (weapon)
Missiles
 o - a boomerang (quivered)
Armour
 a - the +1 ring mail of Zin's Reproof {rC- rCorr Str+2}
   (You found it on level 2 of the Dungeon)

   Str:       It affects your strength (+2).
   rC:        It makes you vulnerable to cold.
   rCorr:     It protects you from acid and corrosion.
 l - a +0 tower shield (worn)
 m - a +0 helmet (worn)
 q - a +3 plate armour (worn)
 u - a +0 pair of boots (worn)
Jewellery
 f - a ring of resist corrosion
 i - a ring of protection from cold
 n - a ring of protection from cold (left hand)
 p - a ring of positive energy
 r - the ring of Descent (right hand) {AC+4 Int+4}
   (You found it on level 1 of the Lair of Beasts)

   [ring of protection]

   AC:        It affects your AC (+4).
   Int:       It affects your intelligence (+4).
 t - a ring of resist corrosion
Scrolls
 j - 12 scrolls of identify
Potions
 c - a potion of cancellation
 d - 5 potions of might
 g - 2 potions of mutation
 h - a potion of attraction
 k - 10 potions of curing
 s - a potion of lignification

Dungeon Overview and Level Annotations

Branches:
Dungeon (9/15)             Temple (1/1) D:6            Lair (3/5) D:9
  Swamp (0/4) Lair:3        Snake (0/4) Lair:3          Orc (0/2) D:9

Altars:
Ashenzari
Cheibriados
Dithmenos
Elyvilon
Fedhas
Gozag
Hepliaklqana
Kikubaaqudgha
Makhleb
Nemelex Xobeh
Okawaru
Qazlal
Ru
Sif Muna
Trog
Uskayaw
Vehumet
Wu Jian
Xom
Yredelemnul
Zin
The Shining One

Shops:
D:7 (

Annotations:
D:3 1 runed translucent door, Crazy Yiuf
Lair:3 Nessos


Message History

The naga is moderately wounded.
You hit Nessos. You drain Nessos.
You block Nessos's attack. x2; The naga hits you with a +0 scimitar!
The naga constricts you. Nessos hits you but does no damage.
You block Nessos's attack.
You hit the naga but do no damage.
The naga is moderately wounded.
You hit Nessos but do no damage. You drain Nessos.
Nessos hits you but does no damage. You block Nessos's attack.
The naga hits you with a +0 scimitar!! The naga constricts you.
You block Nessos's attack. x2
You barely miss the naga.
The naga is moderately wounded.
You hit Nessos. You drain Nessos. You block Nessos's attack.
Nessos barely misses you. You block Nessos's attack.
Nessos kicks you but does no damage. The naga hits you but does no damage.
The naga constricts you.
You slash the naga! You drain the naga.
You kill the naga!
Okawaru accepts your kill.
You barely miss Nessos.
You block Nessos's attack. x2; Nessos hits you but does no damage.
Nessos kicks you but does no damage.
You hit Nessos.
Nessos is moderately wounded.
Nessos hits you but does no damage. You block Nessos's attack.
Nessos hits you but does no damage. You block Nessos's attack.
Nessos barely misses you. Nessos closely misses you.
You barely miss Nessos.
Nessos is moderately wounded.
You block Nessos's attack. x2; Nessos hits you but does no damage.
Nessos kicks you but does no damage.
You hit Nessos. You drain Nessos.
Nessos is heavily wounded.
You block Nessos's attack. Nessos barely misses you. You block Nessos's attack.
Nessos kicks you but does no damage.
You slice Nessos!! You drain Nessos!
Nessos is almost dead.
Nessos hits you with a +0 rapier.
You die...

.##P~~~~~~~...#
.~.~~~~~~~~~.~##.
.#~~~....~~~~##...
##.~~~......P~~#.P...
#..#~~...>...~~......
##..~~.~..=..~~......#
#...~~~.~.)~~~~......#
#....~~~c@[)~~~......#
#.....~~~~~~~......$.#
##..(..~~~~~..........
#......~....P........#
##........##.........#
##.....######..$.....#
#......# # ##..#P.#...
#......#P###..##### .
##.............#


You could see Nessos (fast, very drained).

Vanquished Creatures
  2 hydras
  Pikel (D:5)
  Joseph (D:7)
  6 cane toads
  Maggie (D:7)
  3 rime drakes
  A komodo dragon (Lair:3)
  2 trolls (D:9)
  A hornet (D:9)
  5 blink frogs (Lair:3)
  A shadow (D:9)
  14 yaks
  A wyvern (Lair:3)
  A vampire (D:8)
  5 steam dragons
  A basilisk (Lair:1)
  A warg (D:9)
  3 nagas (Lair:3)
  10 water moccasins
  An acid dragon (D:9)
  An orc warrior (D:9)
  6 ice beasts
  2 sky beasts (D:6)
  3 black bears
  4 lemures (D:5)
  5 wolves (Lair:2)
  2 centaurs
  2 phantoms
  A kobold brigand (D:8)
  2 necrophages
  11 bullfrogs
  2 gnoll sergeants
  4 scorpions
  9 wights
  5 killer bees
  2 electric eels (Lair:1)
  2 howler monkeys
  2 hounds
  A gnoll bouda (D:7)
  3 jellies
  5 orc priests
  8 orc wizards
  5 iguanas
  A mummy (D:5)
  12 adders
  18 gnolls
  A white imp (D:5)
  2 worms (D:2)
  5 dart slugs
  30 orcs
  10 endoplasms
  4 giant cockroaches
  6 goblins
  10 hobgoblins
  7 jackals
  5 kobolds
  5 quokkas
  8 ball pythons
  6 bats
  2 frilled lizards
  6 rats
286 creatures vanquished.

Vanquished Creatures (others)
  2 gnolls (D:8)
  18 fungi
  23 plants
43 creatures vanquished.

Grand Total: 329 creatures vanquished

Notes
Turn   | Place    | Note
-------+----------+-------------------------------------------
     0 | D:1      | qw the Gargoyle Fighter began the quest for the Orb.
     0 | D:1      | Reached XP level 1. HP: 14/14 MP: 1/1
     0 | D:1      | 0 ||| qw: Version: 0.2-a-13-gfc7b4b4
     0 | D:1      | 0 ||| qw: Game counter: 1748
     0 | D:1      | 0 ||| qw: Always use a shield: true
     0 | D:1      | 0 ||| qw: God list: Okawaru
     0 | D:1      | 0 ||| qw: Allow faded altars: false
     0 | D:1      | 0 ||| qw: Do Orc after D:15 true
     0 | D:1      | 0 ||| qw: Do second Lair branch before Depths: true
     0 | D:1      | 0 ||| qw: Lair rune preference: random
     0 | D:1      | 0 ||| qw: Plans: Normal, Zot:1-4, God:TSO, Crypt, Tomb,
                  | Pan, Slime:5, Hells, Abyss, Orb
     0 | D:1      | 0 ||| PLANNING D:1-11
   130 | D:1      | Reached XP level 2. HP: 19/19 MP: 2/2
   542 | D:1      | Reached skill level 3 in Axes
   812 | D:1      | Reached XP level 3. HP: 23/23 MP: 3/3
   961 | D:1      | 961 ||| UPGRADING to +0 tower shield.
   971 | D:1      | 971 ||| DROPPING +0 buckler.
   972 | D:1      | 972 ||| UPGRADING to ring of protection from cold.
   973 | D:1      | 973 ||| READING scroll labelled ZUALILE JYSIYF.
  1027 | D:1      | 1027 ||| DRINKING 2 smoky orange potions.
  1128 | D:1      | 1128 ||| DRINKING 2 fizzy coppery potions.
  1129 | D:1      | 1129 ||| DROPPING potion of ambrosia.
  1130 | D:1      | 1130 ||| DROPPING potion of flight.
  1167 | D:2      | 1167 ||| Stepping ~*~*~tactically~*~*~ (stealth).
  1218 | D:2      | 1218 ||| FLEEEEING.
  1219 | D:2      | 1219 ||| FLEEEEING.
  1220 | D:2      | 1220 ||| FLEEEEING.
  1221 | D:2      | 1221 ||| FLEEEEING.
  1222 | D:2      | 1222 ||| STAIRDANCE
  1286 | D:2      | 1286 ||| STAIRDANCE
  1299 | D:2      | 1299 ||| STAIRDANCE
  1376 | D:2      | Identified the +1 ring mail of Zin's Reproof {rC- rCorr
                  | Str+2}
  1427 | D:2      | 1427 ||| Stepping ~*~*~tactically~*~*~ (stealth).
  1625 | D:2      | 1625 ||| Stepping ~*~*~tactically~*~*~ (stealth).
  1725 | D:2      | Reached skill level 4 in Shields
  1828 | D:2      | Reached XP level 4. HP: 28/28 MP: 4/4
  1830 | D:2      | 1830 ||| Stepping ~*~*~tactically~*~*~ (stealth).
  1831 | D:2      | 1831 ||| Stepping ~*~*~tactically~*~*~ (stealth).
  1846 | D:2      | 1846 ||| Stepping ~*~*~tactically~*~*~ (stealth).
  1850 | D:2      | 1850 ||| Stepping ~*~*~tactically~*~*~ (stealth).
  1851 | D:2      | 1851 ||| Stepping ~*~*~tactically~*~*~ (stealth).
  1852 | D:2      | 1852 ||| Stepping ~*~*~tactically~*~*~ (stealth).
  2037 | D:2      | 2037 ||| Stepping ~*~*~tactically~*~*~ (stealth).
  2038 | D:2      | 2038 ||| Stepping ~*~*~tactically~*~*~ (stealth).
  2209 | D:2      | Found an ancient bone altar of Kikubaaqudgha.
  2225 | D:2      | Reached skill level 5 in Shields
  2529 | D:2      | 2529 ||| Stepping ~*~*~tactically~*~*~ (stealth).
  2530 | D:2      | 2530 ||| Stepping ~*~*~tactically~*~*~ (stealth).
  2539 | D:2      | Reached XP level 5. HP: 30/32 MP: 5/5
  2685 | D:2      | 2685 ||| READING scroll labelled XYAJUL PAAGROO.
  2689 | D:2      | 2689 ||| READING 2 scrolls labelled ORIYTR FORANG.
  2690 | D:2      | 2690 ||| DRINKING 2 clear potions.
  2691 | D:2      | 2691 ||| DROPPING potion of degeneration.
  2758 | D:3      | 2758 ||| Stepping ~*~*~tactically~*~*~ (stealth).
  2759 | D:3      | 2759 ||| Stepping ~*~*~tactically~*~*~ (stealth).
  2905 | D:3      | 2905 ||| Stepping ~*~*~tactically~*~*~ (stealth).
  3455 | D:3      | Found a runed translucent door.
  3456 | D:3      | Noticed Crazy Yiuf
  3459 | D:3      | 3459 ||| READING 2 scrolls of identify.
  3459 | D:3      | 3459 ||| IDENTIFYING glowing clear potion
  3615 | D:4      | Noticed a phantom
  3630 | D:4      | Killed a phantom
  3631 | D:4      | Reached skill level 6 in Shields
  3631 | D:4      | Reached XP level 6. HP: 32/37 MP: 6/6
  3768 | D:4      | Reached skill level 7 in Shields
  3924 | D:4      | Found a broken altar of Ashenzari.
  4213 | D:4      | 4213 ||| UPGRADING to +0 helmet.
  4218 | D:4      | 4218 ||| UPGRADING to ring of positive energy.
  4219 | D:4      | 4219 ||| DRINKING 2 white potions.
  4219 | D:4      | Gained mutation: You occasionally shout uncontrollably at
                  | your foes. [potion of mutation]
  4219 | D:4      | Gained mutation: You are agile. (Dex +4, Str/Int -1)
                  | [potion of mutation]
  4219 | D:4      | Gained mutation: You possess an exceptional clarity of
                  | mind. [potion of mutation]
  4220 | D:4      | 4220 ||| READING 5 scrolls of identify.
  4220 | D:4      | 4220 ||| IDENTIFYING purple potion
  4221 | D:4      | 4221 ||| READING 4 scrolls of identify.
  4221 | D:4      | 4221 ||| IDENTIFYING orange potion
  4222 | D:4      | 4222 ||| READING 3 scrolls of identify.
  4222 | D:4      | 4222 ||| IDENTIFYING inky potion
  4223 | D:4      | 4223 ||| DROPPING potion of brilliance.
  4280 | D:5      | Entered Level 5 of the Dungeon
  4292 | D:5      | Noticed a black bear
  4294 | D:5      | 4294 ||| Stepping ~*~*~tactically~*~*~ (hiding).
  4297 | D:5      | 4297 ||| Stepping ~*~*~tactically~*~*~ (hiding).
  4300 | D:5      | Killed a black bear
  4301 | D:5      | Reached XP level 7. HP: 41/41 MP: 7/7
  4472 | D:5      | Reached skill level 1 in Dodging
  4562 | D:5      | Found an ornate altar of the Wu Jian Council.
  4562 | D:5      | Found a stormy altar of Qazlal.
  4563 | D:5      | Found a radiant altar of Vehumet.
  4947 | D:5      | 4947 ||| Stepping ~*~*~tactically~*~*~ (hiding).
  4953 | D:5      | Reached skill level 8 in Shields
  5044 | D:5      | Reached XP level 8. HP: 18/46 MP: 8/8
  5409 | D:5      | Found a hide-covered altar of Uskayaw.
  5500 | D:5      | Noticed Pikel
  5501 | D:5      | 5501 ||| Stepping ~*~*~tactically~*~*~ (hiding).
  5518 | D:5      | HP: 9/46 [Pikel/puff of flame (5)]
  5519 | D:5      | 5519 ||| READING scroll of teleportation.
  5520 | D:5      | 5520 ||| DRINKING potion of heal wounds.
  5675 | D:5      | Found a snail-covered altar of Cheibriados.
  5869 | D:5      | Found a shadowy altar of Dithmenos.
  5914 | D:5      | 5914 ||| UPGRADING to +3 plate armour.
  5924 | D:5      | 5924 ||| DROPPING +0 scale mail.
  5925 | D:5      | 5925 ||| UPGRADING to ring of resist corrosion.
  5927 | D:5      | 5927 ||| READING 2 scrolls labelled NABI ZOIKHLE.
  5928 | D:5      | 5928 ||| DRINKING 2 emerald potions.
  5929 | D:5      | 5929 ||| DROPPING scroll of poison.
  5978 | D:5      | HP: 10/46 [Pikel/+0 whip of electrocution (3)]
  5987 | D:5      | Killed Pikel
  5988 | D:5      | Reached skill level 10 in Shields
  6150 | D:5      | 6150 ||| FLEEEEING.
  6221 | D:5      | 6221 ||| DROPPING +0 whip.
  6286 | D:6      | 6286 ||| Stepping ~*~*~tactically~*~*~ (hiding).
  6287 | D:6      | 6287 ||| Stepping ~*~*~tactically~*~*~ (hiding).
  6288 | D:6      | 6288 ||| Stepping ~*~*~tactically~*~*~ (hiding).
  6300 | D:6      | Reached XP level 9. HP: 48/52 MP: 9/9
  6518 | D:6      | Reached skill level 6 in Axes
  7020 | D:6      | 7020 ||| DROPPING +0 whip of electrocution.
  7331 | D:6      | Reached skill level 11 in Shields
  7557 | D:6      | Found a staircase to the Ecumenical Temple.
  7558 | D:6      | 7558 ||| PLANNING TEMPLE
  7558 | D:6      | 7558 ||| UPGRADING to ring of protection from cold.
  7560 | D:6      | 7560 ||| READING 4 scrolls of identify.
  7560 | D:6      | 7560 ||| IDENTIFYING silvery potion
  7561 | D:6      | 7561 ||| DROPPING potion of berserk rage.
  7570 | Temple   | Entered the Ecumenical Temple
  7576 | Temple   | 7576 ||| PLANNING OKAWARU WORSHIP
  7670 | Temple   | Became a worshipper of Warmaster Okawaru
  7671 | Temple   | 7671 ||| PLANNING D:1-11
  7884 | D:6      | Found the +8 trident of the Octopus King {venom, rElec
                  | rPois}
  8022 | D:6      | 8022 ||| READING scroll labelled MIONKA BOUNN.
  8156 | D:7      | 8156 ||| Stepping ~*~*~tactically~*~*~ (stealth).
  8201 | D:7      | Found a sparkling altar of Nemelex Xobeh.
  8233 | D:7      | Reached skill level 1 in Throwing
  8275 | D:7      | Noticed Joseph
  8302 | D:7      | Killed Joseph
  8303 | D:7      | Reached XP level 10. HP: 33/59 MP: 10/10
  8388 | D:7      | Noticed Maggie
  8389 | D:7      | 8389 ||| Stepping ~*~*~tactically~*~*~ (hiding).
  8398 | D:7      | Killed Maggie
  8398 | D:7      | Reached * piety under Okawaru
  8543 | D:7      | 8543 ||| SWAPPING to +4 broad axe of draining.
  8544 | D:7      | 8544 ||| DROPPING +0 war axe.
  8565 | D:7      | Found a glowing silver altar of Zin.
  8716 | D:7      | Reached skill level 6 in Fighting
  8716 | D:7      | Reached skill level 1 in Invocations
  8785 | D:7      | Found Cyrronuq's Weapon Emporium.
  8796 | D:7      | 8796 ||| INVOKING Heroism.
  9030 | D:7      | Identified the +0 chain mail of Biahoc {Stlth+}
  9105 | D:7      | 9105 ||| INVOKING Heroism.
  9146 | D:7      | 9146 ||| INVOKING Heroism.
  9166 | D:7      | Found a burning altar of Makhleb.
  9203 | D:7      | 9203 ||| Stepping ~*~*~tactically~*~*~ (stealth).
  9214 | D:7      | 9214 ||| Stepping ~*~*~tactically~*~*~ (stealth).
  9229 | D:7      | 9229 ||| INVOKING Heroism.
  9351 | D:7      | 9351 ||| DROPPING +1 flail of protection.
  9589 | D:7      | 9589 ||| DROPPING +0 chain mail of Biahoc {Stlth+}.
  9664 | D:8      | 9664 ||| INVOKING Heroism.
  9681 | D:8      | 9681 ||| FLEEEEING.
  9682 | D:8      | 9682 ||| FLEEEEING.
  9683 | D:8      | 9683 ||| INVOKING Heroism.
  9696 | D:8      | Reached skill level 3 in Invocations
  9712 | D:8      | 9712 ||| INVOKING Heroism.
  9906 | D:8      | 9906 ||| Stepping ~*~*~tactically~*~*~ (hiding).
  9937 | D:8      | 9937 ||| Stepping ~*~*~tactically~*~*~ (stealth).
 10025 | D:8      | 10025 ||| INVOKING Heroism.
 10026 | D:8      | Noticed a seven-headed hydra
 10027 | D:8      | 10027 ||| SWAPPING to +1 morningstar of freezing.
 10035 | D:8      | Killed a seven-headed hydra
 10036 | D:8      | 10036 ||| SWAPPING to +4 broad axe of draining.
 10038 | D:8      | Reached skill level 9 in Axes
 10074 | D:8      | 10074 ||| INVOKING Heroism.
 10146 | D:8      | 10146 ||| Stepping ~*~*~tactically~*~*~ (stealth).
 10148 | D:8      | 10148 ||| Stepping ~*~*~tactically~*~*~ (stealth).
 10203 | D:8      | Reached ** piety under Okawaru
 10223 | D:8      | 10223 ||| READING 2 scrolls labelled EQAAFO LEAGIG.
 10224 | D:8      | 10224 ||| INVOKING Heroism.
 10225 | D:8      | HP: 14/60 [spore (34)]
 10226 | D:8      | 10226 ||| Stepping ~*~*~tactically~*~*~ (cloud).
 10230 | D:8      | 10230 ||| Stepping ~*~*~tactically~*~*~ (stealth).
 10231 | D:8      | 10231 ||| DRINKING potion of heal wounds.
 10414 | D:8      | 10414 ||| INVOKING Heroism.
 10415 | D:8      | 10415 ||| Stepping ~*~*~tactically~*~*~ (cloud).
 10420 | D:8      | 10420 ||| Stepping ~*~*~tactically~*~*~ (cloud).
 10427 | D:8      | Reached skill level 12 in Shields
 10427 | D:8      | 10427 ||| Stepping ~*~*~tactically~*~*~ (cloud).
 10639 | D:8      | 10639 ||| UPGRADING to +0 pair of boots.
 10644 | D:8      | 10644 ||| READING scroll labelled LAUROAD LOGITE.
 10645 | D:8      | 10645 ||| READING scroll labelled GIUNLI AQONGUERUT.
 10646 | D:8      | 10646 ||| DROPPING scroll of immolation.
 10780 | D:9      | 10780 ||| Stepping ~*~*~tactically~*~*~ (stealth).
 10782 | D:9      | 10782 ||| INVOKING Heroism.
 10790 | D:9      | Reached XP level 11. HP: 49/64 MP: 12/14
 10889 | D:9      | 10889 ||| Stepping ~*~*~tactically~*~*~ (hiding).
 10894 | D:9      | 10894 ||| Stepping ~*~*~tactically~*~*~ (stealth).
 10918 | D:9      | 10918 ||| Stepping ~*~*~tactically~*~*~ (hiding).
 10935 | D:9      | 10935 ||| Stepping ~*~*~tactically~*~*~ (stealth).
 10936 | D:9      | 10936 ||| Stepping ~*~*~tactically~*~*~ (stealth).
 10945 | D:9      | 10945 ||| Stepping ~*~*~tactically~*~*~ (hiding).
 10974 | D:9      | Found a staircase to the Orcish Mines.
 11014 | D:9      | Reached skill level 6 in Armour
 11017 | D:9      | 11017 ||| Stepping ~*~*~tactically~*~*~ (stealth).
 11018 | D:9      | 11018 ||| Stepping ~*~*~tactically~*~*~ (stealth).
 11019 | D:9      | 11019 ||| Stepping ~*~*~tactically~*~*~ (stealth).
 11053 | D:9      | Found a staircase to the Lair.
 11145 | D:9      | 11145 ||| INVOKING Heroism.
 11149 | D:9      | 11149 ||| Stepping ~*~*~tactically~*~*~ (stealth).
 11150 | D:9      | 11150 ||| Stepping ~*~*~tactically~*~*~ (stealth).
 11151 | D:9      | 11151 ||| Stepping ~*~*~tactically~*~*~ (stealth).
 11173 | D:9      | 11173 ||| Stepping ~*~*~tactically~*~*~ (stealth).
 11201 | D:9      | 11201 ||| Stepping ~*~*~tactically~*~*~ (stealth).
 11239 | D:9      | 11239 ||| Stepping ~*~*~tactically~*~*~ (stealth).
 11243 | D:9      | 11243 ||| Stepping ~*~*~tactically~*~*~ (hiding).
 11244 | D:9      | 11244 ||| Stepping ~*~*~tactically~*~*~ (hiding).
 11349 | D:9      | 11349 ||| INVOKING Heroism.
 11351 | D:9      | Reached *** piety under Okawaru
 11878 | D:9      | 11878 ||| PLANNING LAIR
 11878 | D:9      | 11878 ||| READING scroll labelled TOMELI ZUFIXO.
 11879 | D:9      | 11879 ||| READING scroll labelled DOID GAITWYXU.
 11880 | D:9      | 11880 ||| READING 9 scrolls of identify.
 11880 | D:9      | 11880 ||| IDENTIFYING smoky brown potion
 11928 | Lair:1   | Entered Level 1 of the Lair of Beasts
 12043 | Lair:1   | 12043 ||| INVOKING Heroism.
 12060 | Lair:1   | 12060 ||| INVOKING Heroism.
 12153 | Lair:1   | 12153 ||| INVOKING Heroism.
 12279 | Lair:1   | 12279 ||| INVOKING Heroism.
 12517 | Lair:1   | Identified the ring of Descent {AC+4 Int+4}
 12709 | Lair:1   | 12709 ||| Stepping ~*~*~tactically~*~*~ (stealth).
 12711 | Lair:1   | 12711 ||| Stepping ~*~*~tactically~*~*~ (stealth).
 12727 | Lair:1   | Reached **** piety under Okawaru
 12754 | Lair:1   | 12754 ||| INVOKING Heroism.
 12877 | Lair:1   | 12877 ||| UPGRADING to ring of Descent {AC+4 Int+4}.
 12879 | Lair:1   | 12879 ||| READING scroll labelled HIHEGYDW ITUMO.
 12880 | Lair:1   | 12880 ||| READING scroll labelled XAXUSTR MONKOPP.
 13105 | Lair:2   | 13105 ||| INVOKING Heroism.
 13320 | Lair:2   | 13320 ||| INVOKING Heroism.
 13326 | Lair:2   | Reached skill level 13 in Shields
 13366 | Lair:2   | 13366 ||| Stepping ~*~*~tactically~*~*~ (stealth).
 13368 | Lair:2   | 13368 ||| INVOKING Heroism.
 13408 | Lair:2   | 13408 ||| Stepping ~*~*~tactically~*~*~ (hiding).
 13409 | Lair:2   | 13409 ||| Stepping ~*~*~tactically~*~*~ (hiding).
 13414 | Lair:2   | 13414 ||| INVOKING Heroism.
 13415 | Lair:2   | 13415 ||| Stepping ~*~*~tactically~*~*~ (cloud).
 13421 | Lair:2   | Reached skill level 6 in Invocations
 14230 | Lair:2   | 14230 ||| DROPPING ring of flight.
 14231 | Lair:2   | 14231 ||| READING scroll labelled SAFIQI NIAJA.
 14306 | Lair:3   | 14306 ||| INVOKING Heroism.
 14318 | Lair:3   | Reached XP level 12. HP: 72/72 MP: 14/16
 14320 | Lair:3   | 14320 ||| INVOKING Heroism.
 14376 | Lair:3   | Noticed Nessos
 14379 | Lair:3   | 14379 ||| INVOKING Heroism.
 14393 | Lair:3   | HP: 18/72 [Nessos/arrow (4)]
 14394 | Lair:3   | 14394 ||| READING 3 scrolls of teleportation.
 14395 | Lair:3   | 14395 ||| DRINKING potion of heal wounds.
 14396 | Lair:3   | 14396 ||| Stepping ~*~*~tactically~*~*~ (hiding).
 14397 | Lair:3   | 14397 ||| Stepping ~*~*~tactically~*~*~ (hiding).
 14546 | Lair:3   | Found a staircase to the Snake Pit.
 14557 | Lair:3   | 14557 ||| INVOKING Heroism.
 14561 | Lair:3   | HP: 18/72 [constriction (3)]
 14562 | Lair:3   | 14562 ||| READING 2 scrolls of teleportation.
 14567 | Lair:3   | 14567 ||| READING scroll of teleportation.
 14578 | Lair:3   | 14578 ||| FLEEEEING.
 14579 | Lair:3   | 14579 ||| FLEEEEING.
 14580 | Lair:3   | 14580 ||| STAIRDANCE
 14850 | Lair:3   | 14850 ||| INVOKING Heroism.
 14873 | Lair:3   | Found a staircase to the Swamp.
 14875 | Lair:3   | Noticed a five-headed hydra
 14880 | Lair:3   | 14880 ||| SWAPPING to +1 morningstar of freezing.
 14883 | Lair:3   | 14883 ||| Stepping ~*~*~tactically~*~*~ (outnumbered).
 14884 | Lair:3   | 14884 ||| Stepping ~*~*~tactically~*~*~ (outnumbered).
 14885 | Lair:3   | 14885 ||| INVOKING Heroism.
 14886 | Lair:3   | 14886 ||| Stepping ~*~*~tactically~*~*~ (outnumbered).
 14887 | Lair:3   | 14887 ||| Stepping ~*~*~tactically~*~*~ (outnumbered).
 14888 | Lair:3   | 14888 ||| Stepping ~*~*~tactically~*~*~ (outnumbered).
 14889 | Lair:3   | 14889 ||| Stepping ~*~*~tactically~*~*~ (outnumbered).
 14895 | Lair:3   | Killed a five-headed hydra
 14896 | Lair:3   | 14896 ||| SWAPPING to +5 broad axe of draining.
 15036 | Lair:3   | 15036 ||| INVOKING Heroism.
 15183 | Lair:3   | 15183 ||| INVOKING Heroism.
 15191 | Lair:3   | HP: 1/74 [naga/+0 scimitar (19)]
 15197 | Lair:3   | Slain by Nessos

Levels and vault maps discovered:
D:1:      minmay_arrival_radiant_lines, layout_loops_corners,
          minmay_tree_intersection, minmay_tall_x
D:2:      layout_basic, basic_altar, serial_bayou_pond_a
D:3:      layout_loops_ring, uniq_crazy_yiuf_cottage
D:4:      layout_basic, evilmike_ruin_ashenzari, nicolae_elevator_lobby_plus
D:5:      layout_loops_corners, mainiacjoe_overflow_alcove_2,
          nicolae_overflow_quartered_altars, slow_altar_2, uniq_pikel
D:6:      layout_cave_pods, lemuel_temple_firewalk_a, serial_column_ruins,
          column_ruins_square_small, column_ruins_grid_4,
          column_ruins_open_small, column_ruins_columns_straight,
          column_ruins_grid_2, column_ruins_columns_dead_end,
          corexii_corridor_pit, minmay_joined_circles
D:7:      layout_layer_cave, mainiacjoe_overflow_tiny_flanked,
          nicolae_overflow_hidden_temple, nicolae_overflow_crystal_walls,
          serial_shops, shop, uniq_joseph, uniq_maggie
D:8:      cheibrodos_barr_body, layout_rooms
D:9:      layout_long_grid, lair_entry_dummy, erik_orc_3, minmay_misc_feat_five
Temple:   nicolae_temple_hex_pool
Lair:1:   layout_cave_pods, serial_bayou, serial_bayou_crossing,
          serial_bayou_shore_b, serial_bayou_lake_a, serial_bayou_pond_c,
          ldierk_geyser, lemuel_fruit_fields
Lair:2:   layout_layer_cave, serial_bayou_shore_b
Lair:3:   gammafunk_indiana_jones, layout_chaotic_city, swamp_mist_pool,
          guppyfry_snake_entry_island, uniq_nessos

Skill      XL: |  1  2  3  4  5  6  7  8  9 10 11 12 |
---------------+-------------------------------------+-----
Axes           | 2 3 4 5 8 9 10 | 10.3
Shields        | 4 5 6 7 8 10 11 12 13 | 13.0
Dodging        | 1 2 |  2.3
Fighting       | 4 5 6 7 8 |  8.2
Armour         | 4 5 6 7 |  7.0
Throwing       | 1 |  1.3
Invocations    | 4 6 8 |  8.0

Action                   |  1- 3 |  4- 6 |  7- 9 | 10-12 || total
-------------------------+-------+-------+-------+-------++-------
Melee: War axe           |   125 |   192 |   354 |     8 ||   679
       Broad axe         |       |       |       |   395 ||   395
       Morningstar       |       |       |       |    15 ||    15
Throw: Boomerang         |       |    13 |     1 |    84 ||    98
Invok: Heroism           |       |       |       |    31 ||    31
  Use: Potion            |     2 |     2 |     2 |     2 ||     8
       Scroll            |     1 |     6 |     4 |    12 ||    23
Armor: Scale mail        |    75 |   101 |    39 |       ||   215
       Plate armour      |       |       |   266 |   225 ||   491
Dodge: Dodged            |    53 |    52 |    65 |    62 ||   232
Block: Buckler           |    15 |       |       |       ||    15
       Tower shield      |    49 |   163 |   396 |   417 ||  1025

Table legend:
 A = Non-vault XP
 B = Vault XP
 C = Vault XP percentage of total XP
 D = Non-vault monster count
 E = Vault monster count
 F = Vault count percentage of total count
                 A         B        C        D         E       F
            +---------+---------+-------+---------+---------+-------
      Total |   18413 |    4943 |  21.2 |     235 |      48 |  17.0
            +---------+---------+-------+---------+---------+-------
        D:1 |      43 |       6 |  12.2 |      18 |       4 |  18.2
        D:2 |     132 |       0 |   0.0 |      31 |       0 |   0.0
        D:3 |      78 |       0 |   0.0 |      23 |       0 |   0.0
        D:4 |     323 |       0 |   0.0 |      13 |       0 |   0.0
        D:5 |     876 |     669 |  43.3 |      15 |       2 |  11.8
        D:6 |    1675 |     497 |  22.9 |      28 |       9 |  24.3
        D:7 |    1103 |     834 |  43.1 |      27 |       2 |   6.9
        D:8 |     811 |    2052 |  71.7 |      16 |      13 |  44.8
        D:9 |    2803 |     393 |  12.3 |      19 |      15 |  44.1
     Lair:1 |    3625 |       0 |   0.0 |      16 |       0 |   0.0
     Lair:2 |    2010 |       0 |   0.0 |      11 |       0 |   0.0
     Lair:3 |    4934 |     492 |   9.1 |      18 |       3 |  14.3
            +---------+---------+-------+---------+---------+-------
